 Dungeon Crawl Stone Soup version 0.30.0 (webtiles) character file.

Game seed: 11376817410836880744

8960 roseMary the Basher (level 11, -1/73 HPs)
             Began as a Gargoyle Monk on Sept 16, 2023.
             Was an Initiate of Gozag.
             Slain by a boulder beetle (15 damage)
             ... on level 11 of the Dungeon.
             The game lasted 00:29:39 (8398 turns).

roseMary the Basher (Gargoyle Monk)                 Turns: 8398, Time: 00:29:39

Health: -1/73      AC: 28    Str: 20    XL:     11   Next: 39%
Magic:  11/11      EV:  7    Int: 10    God:    Gozag
Gold:   1874       SH:  0    Dex: 12    Spells: 10/10 levels left

rFire   . . .        a - +3 flail
rCold   . . .        d - orb {light}
rNeg    + . .        i - +0 plate armour
rPois   ∞            (no helmet)
rElec   +            f - +0 cloak
rCorr   .            K - +0 pair of gloves
SInv    .            x - +1 pair of boots
Will    .....        B - amulet of regeneration Stlth
                     (no ring)
HPRegen 1.12/turn    (no ring)
MPRegen 0.12/turn

%: no passive effects
@: mighty, glowing
A: sickness immunity, AC +8, negative energy resistance 1, electricity
resistance, torment resistance 1, petrification resistance
a: Renounce Religion, Potion Petition, Call Merchant, Bribe Branch


You were on level 11 of the Dungeon.
You worshipped Gozag.
Gozag was most pleased with you.
You visited 1 branch of the dungeon, and saw 11 of its levels.
You also visited: Bailey.

You collected 1900 gold pieces.
You spent 26 gold pieces at shops.

Inventory:

Hand Weapons
 a - a +3 flail (weapon)
 z - a +2 mace of holy wrath
 L - a +0 dire flail
Armour
 d - an orb of light (worn)
 f - a +0 cloak (worn)
 g - a scarf of repulsion
 i - a +0 plate armour (worn)
 x - a +1 pair of boots (worn)
 K - a +0 pair of gloves (worn)
Jewellery
 n - a ring of magical power
 q - a ring of fire
 B - an amulet of regeneration (around neck)
Wands
 v - a wand of iceblast (18)
 y - a wand of flame (9)
Scrolls
 e - 3 scrolls of poison
 j - 4 scrolls of identify
 k - a scroll of brand weapon {unknown}
 l - a scroll of acquirement {unknown}
 m - 2 scrolls of fog {unknown}
 s - 4 scrolls of enchant weapon
 t - a scroll of blinking {unknown}
 u - 2 scrolls of fear {unknown}
 C - 3 scrolls of magic mapping
 E - 2 scrolls of teleportation
 G - 3 scrolls of vulnerability {unknown}
 H - 2 scrolls of amnesia {unknown}
 I - a scroll of noise {unknown}
 J - a scroll of enchant armour {unknown}
Potions
 b - a potion of haste {unknown}
 c - a potion of invisibility {unknown}
 p - 4 potions of brilliance
 r - a potion of magic {unknown}
 F - a potion of resistance
Miscellaneous
 h - a tin of tremorstones (2/2)
 o - a box of beasts


   Skills:
 - Level 10.5 Fighting
 - Level 1.2(6.8) Axes
 + Level 11.6(11.7) Maces & Flails
 - Level 1.3(7.5) Staves
 - Level 10.5 Armour
 - Level 2.4 Dodging


You had 10 spell levels left.
You didn't know any spells.
Your spell library contained the following spells:

 Spells                   Type           Power      Damage    Failure   Level
 Foxfire                  Conj/Fire      0%         2x1d4     99%         1
 Summon Small Mammal      Summ           0%         N/A       99%         1
 Blink                    Tloc           0%         N/A       100%        2
 Poisonous Vapours        Pois/Air       0%         N/A       100%        2
 Static Discharge         Conj/Air       0%         2-2/arc   100%        2
 Call Canine Familiar     Summ           0%         N/A       100%        3
 Mephitic Cloud           Conj/Pois/Air  0%         N/A       100%        3
 Summon Guardian Golem    Hex/Summ       0%         N/A       100%        3
 Airstrike                Air            0%         2d(0-16)  100%        4
 Manifold Assault         Tloc           0%         N/A       100%        4
 Summon Lightning Spire   Summ/Air       0%         N/A       100%        4
 Borgnjor's Vile Clutch   Necr/Erth      0%         N/A       100%        5
 Fireball                 Conj/Fire      0%         3d3       100%        5
 Freezing Cloud           Conj/Ice/Air   0%         6-21      100%        5
 Death Channel            Necr           0%         N/A       100%        6
 Plasma Beam              Fire/Air       0%         2x1d11    100%        6
 Starburst                Conj/Fire      0%         6d3       100%        6
 Haunt                    Necr/Summ      0%         N/A       100%        7
 Storm Form               Tmut/Air       0%         N/A       100%        7
 Animate Dead             Necr           Unusable   N/A       N/A         4
 Simulacrum               Ice/Necr       Unusable   N/A       N/A         6

Dungeon Overview and Level Annotations

Branches:
Dungeon (11/15)            Temple (0/1) D:7             Orc (0/2) D:11
 Bailey (visited)
   Lair: D:8-11

Altars:
Gozag
Hepliaklqana
Kikubaaqudgha
Okawaru
Ru
Trog
Uskayaw
Vehumet
Wu Jian
Xom
Zin
The Shining One

Shops:
D:2 [   D:3 ?   D:8 (

Portals:
Abyss: D:9

Annotations:
D:9 2 transporters, TobyRickard's ghost, journeyman MiFi


Innate Abilities, Weirdness & Mutations

You are immune to sickness and miasma.
Your stone body is resilient. (AC +8)
You are immune to poison.
You resist negative energy. (rN+)
You are resistant to electric shocks. (rElec)
You are resistant to unholy torment.
You are immune to petrification.


Message History

You hit the boulder beetle but do no damage.
The boulder beetle is heavily wounded.
You hit the boulder beetle but do no damage.
The boulder beetle is heavily wounded.
The boulder beetle bites you!
You hit the boulder beetle.
The boulder beetle is heavily wounded.
The boulder beetle closely misses you.
You hit the boulder beetle but do no damage.
The boulder beetle is heavily wounded.
The boulder beetle bites you!
* * * LOW HITPOINT WARNING * * *
The boulder beetle attacks as you move away!
The boulder beetle bites you.
* * * LOW HITPOINT WARNING * * *
You feel very mighty all of a sudden.
The boulder beetle bites you but does no damage.
You hit the boulder beetle but do no damage.
The boulder beetle is heavily wounded.
The boulder beetle bites you.
* * * LOW HITPOINT WARNING * * *
You hit the boulder beetle.
The boulder beetle is heavily wounded.
You hit the boulder beetle but do no damage.
The boulder beetle is heavily wounded.
The boulder beetle bites you!
* * * LOW HITPOINT WARNING * * *
As you read the scroll of teleportation, it crumbles to dust.
You feel strangely unstable.
The boulder beetle leaps!
Your surroundings suddenly seem different.
A boulder beetle comes into view.
Found a stone staircase leading up.
The boulder beetle curls into a ball and begins rolling!
The boulder beetle curls into a ball and begins rolling!
The boulder beetle barely misses you.
The boulder beetle stops rolling and uncurls.
There is a stone staircase leading up here.
The boulder beetle hits you!
You die...
Your body crumbles into a pile of gold.

##.!....#.........#
......#?....>.....# #.. .
........(#.....>.#
#..##.###.#..........B.####..
............................
.#.............°....#.####..
......###.##...°.....#..#
P..##....>.###B.#...###..#
PP..........B@.......# #.#
...##.....##...#..#.# .#
#.....##...####.# #
#.....##..... .# $
#.............#.#
..................
..#....####....#.. ###....#
#....... <.....


You could see 2 boulder beetles.

Vanquished Creatures
  The ghost of Caterwaul the Carver, a journeyman HuMo of the Shining One (D:10)
  2 two-headed ogres
  A gargoyle (D:11)
  An unseen horror zombie (D:9)
  2 unseen horrors
  A freezing wraith (D:10)
  A troll (D:9)
  Grinder (D:4)
  A hornet (D:8)
  A shadow (D:10)
  2 wyverns
  3 yaks (D:8)
  A steam dragon (D:8)
  A water moccasin (D:9)
  2 orc warriors
  2 sky beasts
  2 ice beasts (D:5)
  A black bear (D:6)
  2 ogres
  3 centaurs
  2 phantoms
  Blork the orc (D:6)
  2 kobold brigands (D:9)
  5 bullfrogs
  2 scorpions
  A gnoll sergeant (D:7)
  15 wights
  10 killer bees
  4 howler monkeys
  3 centaur zombies (D:9)
  5 orc priests
  A hound (D:4)
  2 jellies (D:7)
  A sleepcap (D:3)
  A gnoll bouda (D:8)
  2 iguanas
  9 orc wizards
  2 howler monkey zombies (D:9)
  9 gnolls
  4 adders
  A shadow imp (D:5)
  4 white imps
  An ufetubus (D:6)
  2 worms
  27 orcs
  3 ball pythons
  3 endoplasms
  2 giant cockroaches (D:1)
  8 goblins
  4 hobgoblins
  2 jackals (D:3)
  7 quokkas
  2 bats
  7 frilled lizards
  20 kobolds
  3 rats
208 creatures vanquished.

Vanquished Creatures (others)
  4 plants (D:5)
  2 withered plants (D:9)
6 creatures vanquished.

Grand Total: 214 creatures vanquished

Notes
Turn   | Place    | Note
-------+----------+-------------------------------------------
     0 | D:1      | roseMary the Gargoyle Monk began the quest for the Orb.
     0 | D:1      | Reached XP level 1. HP: 14/14 MP: 1/1
    36 | D:1      | Reached XP level 2. HP: 18/19 MP: 2/2
    78 | D:1      | Reached skill level 1 in Staves
   308 | D:1      | Reached skill level 1 in Axes
   488 | D:1      | Reached XP level 3. HP: 14/23 MP: 3/3
  1233 | D:2      | Found Xaras's Armour Shoppe.
  1406 | D:3      | Reached XP level 4. HP: 28/28 MP: 4/4
  1410 | D:3      | Found an opulent altar of Gozag.
  1419 | D:3      | Became a worshipper of Gozag Ym Sagoz the Greedy
  1530 | D:3      | Found a glowing golden altar of the Shining One.
  1626 | D:3      | Reached skill level 1 in Armour
  1654 | D:3      | Reached skill level 4 in Maces & Flails
  1835 | D:3      | Reached XP level 5. HP: 29/33 MP: 5/5
  1983 | D:3      | Found Pyatet's Magic Scroll Emporium.
  1991 | D:3      | Bought a scroll of identify for 26 gold pieces
  2235 | D:4      | Noticed Grinder
  2464 | D:4      | Killed Grinder
  2465 | D:4      | Reached skill level 5 in Maces & Flails
  2465 | D:4      | Reached XP level 6. HP: 19/39 MP: 6/6
  2969 | D:4      | Found an ornate altar of the Wu Jian Council.
  3002 | D:5      | Entered Level 5 of the Dungeon
  3037 | D:5      | Reached XP level 7. HP: 38/44 MP: 7/7
  3073 | D:5      | Reached skill level 5 in Fighting
  3096 | D:5      | Reached skill level 6 in Maces & Flails
  3847 | D:5      | Found a hazy altar of Hepliaklqana.
  3954 | D:5      | Reached XP level 8. HP: 50/50 MP: 8/8
  4104 | D:6      | Found a sacrificial altar of Ru.
  4104 | D:6      | Found a hide-covered altar of Uskayaw.
  4104 | D:6      | Found an iron altar of Okawaru.
  4187 | D:6      | Reached skill level 5 in Armour
  4343 | D:6      | Found a bloodstained altar of Trog.
  4506 | D:6      | Noticed Blork the orc
  4527 | D:6      | Killed Blork the orc
  4556 | D:6      | Got the Secrets of Mortification
  4957 | D:7      | Reached skill level 7 in Maces & Flails
  4957 | D:7      | Reached XP level 9. HP: 57/57 MP: 9/9
  5004 | D:7      | Found a staircase to the Ecumenical Temple.
  5289 | D:7      | Noticed an unseen horror
  5299 | D:7      | Killed an unseen horror
  5379 | D:7      | Reached skill level 8 in Maces & Flails
  5725 | D:8      | Identified the +2 hat of Wrong Decisions {rPois Str-3 Dex+4
                  | Slay+3}
  5934 | D:8      | Noticed a hornet
  5953 | D:8      | Killed a hornet
  6045 | D:8      | Reached skill level 9 in Maces & Flails
  6104 | D:8      | Reached XP level 10. HP: 41/65 MP: 10/10
  6271 | D:8      | Found Ecodwif's Firing Range.
  6477 | D:9      | Found a shimmering altar of Xom.
  6479 | D:9      | Found a glowing silver altar of Zin.
  6483 | D:9      | Found an ancient bone altar of Kikubaaqudgha.
  6686 | D:9      | Noticed a toenail golem
  6691 | D:9      | Found a transporter.
  6692 | D:9      | Noticed a skeletal warrior
  6698 | D:9      | Found a one-way gate to the infinite horrors of the Abyss.
  6698 | D:9      | Noticed TobyRickard's ghost (journeyman MiFi)
  6699 | D:9      | Noticed a hell hog
  6776 | D:9      | Reached skill level 10 in Maces & Flails
  6897 | D:9      | Found a transporter.
  7078 | D:9      | Noticed a two-headed ogre
  7122 | D:9      | Killed a two-headed ogre
  7562 | D:10     | Entered Level 10 of the Dungeon
  7567 | D:10     | Found a radiant altar of Vehumet.
  7595 | D:10     | Reached skill level 10 in Armour
  7626 | D:10     | Reached skill level 10 in Fighting
  7636 | D:10     | Reached XP level 11. HP: 51/72 MP: 11/11
  7863 | D:10     | Found a shimmering altar of Xom.
  7863 | D:10     | Noticed a two-headed ogre
  7877 | D:10     | Killed a two-headed ogre
  7913 | D:10     | Found a runed translucent gate.
  7913 | D:10     | Found a runed translucent gate.
  7913 | D:10     | Found a runed translucent gate.
  7915 | D:10     | Noticed Caterwaul's ghost (journeyman HuMo)
  7957 | D:10     | Found a flagged portal.
  7966 | Bailey   | Entered a bailey
  8243 | D:10     | Reached skill level 11 in Maces & Flails
  8257 | D:10     | Killed Caterwaul's ghost
  8332 | D:11     | Found a staircase to the Orcish Mines.
  8358 | D:11     | Noticed a boulder beetle
  8387 | D:11     | HP: 2/73 [boulder beetle (9)]
  8391 | D:11     | Noticed a boulder beetle
  8398 | D:11     | Slain by a boulder beetle

Illustrated notes

Levels and vault maps discovered:
D:1:      dpeg_arrival_stonehenge_8_columns, layout_basic,
          minmay_misc_feat_plants
D:2:      layout_basic, serial_shops, shop, chequers_serial_rivers_micro_d,
          minmay_misc_feat_alley
D:3:      layout_rooms, mainiacjoe_overflow_small_starburst, tso_altar,
          serial_shops, nicolae_shop_stone, minivault_4, minmay_misc_feat_tiny
D:4:      layout_gridville, nzn_wu_jian_contemplation, uniq_grinder
D:5:      layout_rooms, nicolae_hepliaklqana_hazy_memory, chequers_mini_garden
D:6:      layout_loops_ring, nicolae_overflow_quartered_altars, serial_rivers,
          chequers_serial_rivers_marsh, chequers_serial_rivers_micro_a,
          chequers_serial_rivers_small_a, chequers_serial_rivers_room_b,
          eino_curves_02, uniq_blork_the_orc
D:7:      layout_loops_cross, minmay_temple_entry_mist
D:8:      layout_basic, nicolae_shop_firing_range
D:9:      layout_grid_maze, gammafunk_temple_overflow_forgotten, serial_undead,
          serial_undead_f, serial_undead_c, serial_undead_c, serial_undead_c,
          gammafunk_ghost_abyssal_escape
D:10:     layout_rooms, enter_bailey_2, gammafunk_ghost_spectres,
          hangedman_feature_mirror
D:11:     layout_rooms, grunt_lair_entry_orc_guard_hut, orc_0_dummy,
          uniq_josephine

Skill      XL: |  1  2  3  4  5  6  7  8  9 10 11 |
---------------+----------------------------------+-----
Staves         | 1 |  1.3
Axes           | 1 |  1.2
Armour         | 1 3 4 7 8 10 | 10.5
Maces & Flails | 4 5 6 7 9 10 11 | 11.6
Fighting       | 4 5 7 8 10 | 10.5
Dodging        | |  2.4

Action                     |  1- 3 |  4- 6 |  7- 9 | 10-12 || total
---------------------------+-------+-------+-------+-------++-------
  Melee: Mace              |    77 |       |       |       ||    77
         Flail             |    18 |   105 |   340 |   378 ||   841
    Use: Scroll            |       |       |       |    12 ||    12
         Potion            |       |       |       |    13 ||    13
   Stab: Distracted        |       |     1 |       |     4 ||     5
 Armour: Robe              |    14 |       |       |       ||    14
         Plate armour      |    56 |    66 |   259 |   348 ||   729
  Dodge: Dodged            |    38 |    23 |   122 |   167 ||   350
         Repelled          |       |       |     2 |       ||     2
